 Dungeon Crawl Stone Soup version 0.28-a0-751-gef3a642a4e (webtiles) character file.

Game seed: 8685057397184884588

779 Woods the Insei (level 8, -17/58 HPs)
             Began as a Djinni Transmuter on Oct 30, 2021.
             Was a Follower of Cheibriados.
             Killed from afar by a steam dragon (34 damage)
             ... with a ball of steam
             ... on level 6 of the Dungeon.
             The game lasted 00:06:20 (7488 turns).

Woods the Insei (Djinni Transmuter)                 Turns: 7488, Time: 00:06:21

Health: -17/58     AC:  2    Str: 13    XL:     8   Next: 10%
Gold:   206        EV: 24    Int: 20    God:    Cheibriados [*.....] SH:  0 Dex: 24

rFire   x . .      SeeInvis .     - Unarmed
rCold   . . .      Faith    .   (shield currently unavailable)
rNeg    . . .      Spirit   .   (armour currently unavailable)
rPois   ∞          Reflect  .   (helmet currently unavailable)
rElec   .          Harm     .   (cloak currently unavailable)
rCorr   .          Rampage  .   (gloves currently unavailable)
Will    +....                   (boots unavailable)
Stlth   ++........              (no amulet)
HPRegen 0.19/turn               s - ring "Goaklyc" {rF- Will+ MP+9 Str+2 Dex+4}
MPRegen 0.00/turn               t - +4 ring of evasion

@: spider-form, flying, very slow
A: venomous fangs, flying, sickness immunity, tiny, (fire resistance 2), (cold
vulnerability 1), float, innate caster, hp casting, extra vitality 1
a: End Transformation, Renounce Religion, Bend Time


You were on level 6 of the Dungeon.
You worshipped Cheibriados.
Cheibriados was aware of your devotion.
You were a venomous arachnid creature.
You visited 2 branches of the dungeon, and saw 7 of its levels.

You collected 206 gold pieces.

Inventory:

Armour
 a - a +0 robe (melded)
 u - a +0 ring mail
 v - a +0 chain mail
Jewellery
 s - the ring "Goaklyc" (left front leg) {rF- Will+ MP+9 Str+2 Dex+4}
   (You found it on level 5 of the Dungeon)

   [ring of magical power]

   Str:       It affects your strength (+2).
   Dex:       It affects your dexterity (+4).
   rF:        It makes you vulnerable to fire.
   MP:        It affects your magic capacity (+9).
   Will:      It increases your willpower.
 t - a +4 ring of evasion (right front leg)
Scrolls
 b - 2 scrolls of enchant weapon {unknown}
 c - a scroll of magic mapping {unknown}
 d - 3 scrolls of teleportation {unknown}
 e - a scroll of enchant armour {unknown}
 g - 2 scrolls of immolation {unknown}
 h - 2 scrolls of noise {unknown}
 i - 2 scrolls of identify {unknown}
 j - 2 scrolls of blinking {unknown}
 m - a scroll of summoning {unknown}
 n - a scroll of torment {unknown}
 q - a scroll of fear {unknown}
Potions
 f - a potion of flight {unknown}
 k - a potion of curing {unknown}
 l - a potion of heal wounds {unknown}
 o - a potion of lignification {unknown}
 p - a potion of attraction {unknown}
 r - a potion of might {unknown}


   Skills:
 - Level 4.0 Fighting
 - Level 2.1 Dodging
 - Level 5.0 Unarmed Combat
 + Level 5.0 Spellcasting


You had 2 spell levels left.
You knew the following spells:

 Your Spells              Type           Power      Damage    Failure   Level
a - Beastly Appendage     Tmut           50%        N/A       7%          1
b - Wereblood             Tmut           25%        N/A       9%          2
c - Spider Form           Tmut/Pois      12%        N/A       13%         3
d - Ice Form              Ice/Tmut       25%        N/A       32%         4
e - Magic Dart            Conj           100%       1d8       7%          1
f - Call Imp              Summ           25%        N/A       9%          2
g - Scorch                Fire           50%        2d8       9%          2
Your spell library was empty.

Dungeon Overview and Level Annotations

Branches:
Dungeon (6/15)             Temple (1/1) D:4

Altars:
Ashenzari
Cheibriados
Dithmenos
Elyvilon
Fedhas
Gozag
Hepliaklqana
Kikubaaqudgha
Makhleb
Nemelex Xobeh
Okawaru
Qazlal
Ru
Sif Muna
Trog
Uskayaw
Vehumet
Xom
Yredelemnul
Zin
The Shining One

Shops:
D:5 (


Innate Abilities, Weirdness & Mutations

You are a venomous arachnid creature.
You have poisonous fangs.
You are tiny and dextrous.
You are flying.
Your spellcasting is less reliable in this form.
Your armour is entirely melded.
You are incapable of wielding weapons or throwing items.
You are immune to sickness and miasma.
You are immune to poison.
((Your flesh is very heat resistant. (rF++)))
((You are vulnerable to cold. (rC-)))
You float through the air rather than walking.
You learn spells naturally, not from books.
Your magical power is your life essence.
You have superior vitality. (+4 HP)


Message History

u - a +0 ring mail You see here a +0 chain mail.
v - a +0 chain mail You see here a water moccasin skeleton.
There is a stone staircase leading down here.
You fly downwards.
Found a scale mail.
There is a stone staircase leading up here.
Found a bardiche.
A steam dragon comes into view.
Casting: Spider Form (dangerous; 4% risk of failure)
Confirm with . or Enter, or press ? or * to list all spells.
You turn into a venomous arachnid creature.
Your +0 robe melds into your body.
The steam dragon breathes steam at you. The ball of steam hits you!!
The steam scalds you terribly!
Ouch! That really hurt!
The steam dragon completely misses you. The steam dragon misses you.
You hear a shout! x3; You hear an angry hiss.
You hear a shout! x2
You are too injured to fight recklessly!
You are too injured to fight recklessly!
You hit the steam dragon.
The steam dragon is poisoned.
The steam dragon is lightly wounded.
You are engulfed in a cloud of scalding steam.
* * * LOW HITPOINT WARNING * * *
The steam dragon misses you. x2
The steam dragon closely misses you. The steam dragon barely misses you.
You hit the steam dragon but do no damage.
The steam dragon looks as sick as possible!
The steam dragon is moderately wounded.
A hound comes into view.
A kobold comes into view.
It is wielding a +0 short sword of venom.
The steam dragon completely misses you. The steam dragon claws you.
* * * LOW HITPOINT WARNING * * *
A kobold comes into view. It is wielding a +0 short sword.
The steam dragon closely misses you. x2
The steam dragon breathes steam at you. The ball of steam hits you!!
The steam scalds you terribly!
Ouch! That really hurt!
You die...

# .### #####....
... #<.....#.
...### #........
...... ##......#.
......# #......[#
.......###.......#
.........s.#######
h....#..D###
...).....#
.........#
.....##.... ....
##....# ...
###...# .# #....
#...


You could see a steam dragon (very poisoned, catching breath).

Vanquished Creatures
  2 water moccasins (D:5)
  2 water moccasin skeletons (D:5)
  A jelly (D:5)
  A centaur skeleton (D:5)
  A hound (D:5)
  An iguana (D:5)
  4 gnolls (D:4)
  3 adders
  A dart slug (D:1)
  7 orcs
  8 bats
  4 endoplasms
  3 giant cockroaches
  5 goblins
  8 hobgoblins
  13 jackals
  5 quokkas
  6 ball pythons
  A frilled lizard (D:3)
  6 kobolds
  4 rats
86 creatures vanquished.

Vanquished Creatures (collateral kills)
  A water moccasin (D:5)
  A black bear (D:5)
2 creatures vanquished.

Vanquished Creatures (others)
  2 plants (D:5)
2 creatures vanquished.

Grand Total: 90 creatures vanquished

Notes
Turn   | Place    | Note
-------+----------+-------------------------------------------
     0 | D:1      | Woods the Djinni Transmuter began the quest for the Orb.
     0 | D:1      | Reached XP level 1. HP: 17/17 MP: 0/0
    63 | D:1      | Reached XP level 2. HP: 3/22 MP: 0/0
   847 | D:1      | Reached XP level 3. HP: 22/28 MP: 0/0
   847 | D:1      | Learned a level 1 spell: Magic Dart
  1552 | D:1      | Found a faded altar of an unknown god.
  2459 | D:3      | Reached XP level 4. HP: 12/34 MP: 0/0
  4130 | D:4      | Found a staircase to the Ecumenical Temple.
  4165 | Temple   | Entered the Ecumenical Temple
  4179 | Temple   | Became a worshipper of Cheibriados the Contemplative
  4328 | D:4      | Reached XP level 5. HP: 38/40 MP: 0/0
  4328 | D:4      | Learned a level 2 spell: Call Imp
  5279 | D:4      | Identified the +1 chain mail of a volcano {+Blink rElec
                  | Dex-4 Slay+3}
  6206 | D:5      | Entered Level 5 of the Dungeon
  6276 | D:5      | Noticed a black bear
  6276 | D:5      | Noticed a water moccasin
  6276 | D:5      | Found Boxtoaco's Antique Weapon Boutique.
  6350 | D:5      | Noticed a water moccasin
  6363 | D:5      | Killed a water moccasin
  6364 | D:5      | Reached skill level 5 in Unarmed Combat
  6364 | D:5      | Reached XP level 6. HP: 25/47 MP: 0/0
  6424 | D:5      | Killed a water moccasin
  6425 | D:5      | Reached XP level 7. HP: 31/52 MP: 0/0
  6425 | D:5      | Learned a level 2 spell: Scorch
  6735 | D:5      | Identified the ring "Goaklyc" {rF- Will+ MP+9 Str+2 Dex+4}
  6784 | D:5      | Reached * piety under Cheibriados
  7263 | D:5      | Noticed a water moccasin
  7274 | D:5      | Killed a water moccasin
  7275 | D:5      | Reached skill level 5 in Spellcasting
  7275 | D:5      | Reached XP level 8. HP: 50/58 MP: 0/0
  7488 | D:6      | Killed from afar by a steam dragon

Illustrated notes

Levels and vault maps discovered:
D:1:      saegor_arrival_under_anarchy, layout_loops_ring,
          dilly_ecumenical_altar_fadedgnrine
D:2:      layout_basic
D:3:      layout_basic
D:4:      layout_basic, minmay_temple_entry_glassed_door
D:5:      layout_rooms, serial_shops, nicolae_shop_overgrown_old_shop,
          grunt_ministairs_7
D:6:      layout_rooms
Temple:   nicolae_temple_the_god_donut

Skill      XL: |  1  2  3  4  5  6  7 |
---------------+----------------------+-----
Fighting       | 2 3 4 |  4.0
Unarmed Combat | 4 5 |  5.0
Spellcasting   | 2 3 5 |  5.0
Dodging        | |  2.1

Action                   |  1- 3 |  4- 6 |  7- 9 || total
-------------------------+-------+-------+-------++-------
Melee: Unarmed           |   144 |   128 |    48 ||   320
       Headbutt          |    14 |    11 |       ||    25
       Punch             |       |     1 |       ||     1
 Cast: Beastly Appendage |    26 |    21 |       ||    47
       Magic Dart        |     1 |    15 |     1 ||    17
       Wereblood         |     1 |     1 |       ||     2
       Spider Form       |       |     5 |     6 ||    11
       Call Imp          |       |     2 |       ||     2
 Stab: Sleeping          |     1 |       |       ||     1
       Distracted        |       |     2 |       ||     2
Armor: Robe              |    30 |    13 |       ||    43
       Skin              |       |     1 |     4 ||     5
Dodge: Dodged            |    96 |    98 |    66 ||   260

Table legend: (Time is in decaauts)
 A = Elapsed time spent in this place.
 B = Non-inter-level travel time spent in this place.
 C = Inter-level travel time spent in this place.
 D = Time resting spent in this place.
 E = Time spent auto-exploring this place.
 F = Levels seen in this place.
 G = Mean time per level.
                   A        B        C        D        E       F      G
               +--------+--------+--------+--------+--------+-----+--------+
         Total |   7928 |   7622 |    306 |   2333 |   4357 |   7 | 1132.6 |
       Dungeon |   7735 |   7433 |    302 |   2333 |   4234 |   6 | 1289.2 |
        Temple |    193 |    190 |      3 |      0 |    123 |   1 |  193.0 |
               +--------+--------+--------+--------+--------+-----+--------+

Top non-repeatable levels by time:
     D:4: 2429 daAuts
     D:3: 1642 daAuts
     D:1: 1627 daAuts
     D:5: 1254 daAuts
     D:2: 764 daAuts
  Temple: 193 daAuts
     D:6: 17 daAuts
